[Event "European Amateur Chess-ch 2022"]
[Site "Zagreb"]
[Date "2022.08.19"]
[Round "7.17"]
[White "Vukic, Aleksandar"]
[Black "Maravic, Ivan"]
[Result "0-1"]
[ECO "C29"]
[WhiteElo "2073"]
[BlackElo "2009"]
[Annotator "NA RC"]
[PlyCount "82"]
[EventDate "2022.08.14"]
[EventCountry "CRO"]
[SourceTitle "playchess.com"]
[Source "ChessBase"]
[SourceQuality "1"]
[TimeControl "40/5400+30:1800+30"]

1. e4 e5 2. Nc3 Nf6 3. f4 d5 4. fxe5 Nxe4 5. Qf3 Nxc3 6. bxc3 Be7 7. d4 c5 8. Bb5+ Bd7 9. Bxd7+ Qxd7 10. Qg3 Nc6 11. Nf3 O-O-O 12. Be3 Na5 13. O-O Nc4 14. Bf4 Rhg8 15. Rae1 Qe6 16. dxc5 Bxc5+ 17. Kh1 h6 18. Nd4 Bxd4 19. cxd4 Kb8 20. Qb3 Ka8 21. Rb1 Rd7 22. Qd3 Rc8 23. Rf2 a6 24. Qh7 f5 25. exf6 g5 26. Qxh6 gxf4 27. Qxf4 Rf7 28. g4 Nd6 29. g5 Ne4 30. Rf3 Rxc2 31. Rg1 Rc8 32. Qe5 Qc6 33. Rf5 Rg8 34. Rgf1 Qc2 35. Qxd5 Ng3+ 36. Kg1 Ne2+ 37. Kh1 Ng3+ 38. Kg1 Nxf5 39. Qxf5 Qd2 40. g6 Qh6 41. g7 Rgxg7+ 0-1

[Event "European Amateur Chess-ch 2022"]
[Site "Zagreb"]
[Date "2022.08.19"]
[Round "7.18"]
[White "Baric, Marko"]
[Black "Okrosa, Marijan"]
[Result "0-1"]
[ECO "C12"]
[WhiteElo "1948"]
[BlackElo "2059"]
[Annotator "NA RC"]
[PlyCount "70"]
[EventDate "2022.08.14"]
[EventCountry "CRO"]
[SourceTitle "playchess.com"]
[Source "ChessBase"]
[SourceQuality "1"]
[TimeControl "40/5400+30:1800+30"]

1. e4 e6 2. d4 d5 3. Nc3 Nf6 4. Bg5 Bb4 5. e5 h6 6. Be3 Ne4 7. Qg4 Kf8 8. a3 Bxc3+ 9. bxc3 c5 10. Bd3 cxd4 11. Bxd4 Nc6 12. Bxe4 Nxd4 13. cxd4 Qa5+ 14. Ke2 dxe4 15. Qxe4 Bd7 16. Qd3 Rc8 17. c4 Rxc4 18. Qxc4 Bb5 19. Rc1 Bxc4+ 20. Rxc4 Qb5 21. Kd3 Qb3+ 22. Rc3 Qd1+ 23. Ke3 Kg8 24. Rd3 Qe1+ 25. Kf3 Kh7 26. Re3 Qd1+ 27. Kg3 Rc8 28. h3 b5 29. Kh2 Rc1 30. g4 a5 31. Kg2 b4 32. axb4 axb4 33. Kg3 b3 34. Ne2 Qxh1 35. Nxc1 b2 0-1

[Event "European Amateur Chess-ch 2022"]
[Site "Zagreb"]
[Date "2022.08.19"]
[Round "7.19"]
[White "Jakovic, Roko"]
[Black "Takac, Zvonko"]
[Result "1-0"]
[ECO "D35"]
[WhiteElo "1921"]
[BlackElo "2040"]
[Annotator "NA RC"]
[PlyCount "75"]
[EventDate "2022.08.14"]
[EventCountry "CRO"]
[SourceTitle "playchess.com"]
[Source "ChessBase"]
[SourceQuality "1"]
[TimeControl "40/5400+30:1800+30"]

1. d4 d5 2. c4 e6 3. Nc3 Nf6 4. cxd5 exd5 5. Bg5 Be7 6. e3 O-O 7. Bd3 h6 8. Bh4 b6 9. Nge2 Bb7 10. f3 c5 11. O-O Nbd7 12. Qd2 Rc8 13. Rac1 Bd6 14. Rfe1 Re8 15. Bg3 Qe7 16. Bxd6 Qxd6 17. Ng3 a6 18. Nf5 Qf8 19. Ne2 g6 20. Nfg3 Qe7 21. Nf4 cxd4 22. exd4 Rxc1 23. Rxc1 g5 24. Nf5 Qf8 25. Ne2 Rc8 26. h4 Nh7 27. Neg3 Ndf6 28. Re1 Kh8 29. Re7 Rb8 30. Qe3 Bc8 31. Nd6 Be6 32. Ngf5 Rd8 33. Qe5 Kg8 34. Rxe6 Nd7 35. Nxh6+ Qxh6 36. Rxh6 Nxe5 37. Bxh7+ Kg7 38. dxe5 1-0

[Event "European Amateur Chess-ch 2022"]
[Site "Zagreb"]
[Date "2022.08.19"]
[Round "7.20"]
[White "Faukovic, Matija"]
[Black "Basaric, Srdjan"]
[Result "1/2-1/2"]
[ECO "A38"]
[WhiteElo "2026"]
[BlackElo "2024"]
[Annotator "NA RC"]
[PlyCount "95"]
[EventDate "2022.08.14"]
[EventCountry "CRO"]
[SourceTitle "playchess.com"]
[Source "ChessBase"]
[SourceQuality "1"]
[TimeControl "40/5400+30:1800+30"]

1. b3 g6 2. Bb2 Nf6 3. Nf3 Bg7 4. g3 c5 5. c4 Nc6 6. Bg2 O-O 7. O-O d6 8. Nc3 e5 9. d3 a6 10. a3 Rb8 11. Nd2 Be6 12. Nd5 Ne7 13. e4 Nfxd5 14. cxd5 Bd7 15. b4 cxb4 16. axb4 Bb5 17. Qb3 Nc8 18. Nc4 Nb6 19. Bc1 Rc8 20. Na3 Ba4 21. Qb2 Bd7 22. Be3 Na4 23. Qd2 b5 24. Rac1 Qe7 25. Nb1 f5 26. f3 f4 27. Bf2 h5 28. Nc3 Bh6 29. Ne2 fxg3 30. Qxh6 gxf2+ 31. Kxf2 Qf6 32. Kg1 Rxc1 33. Rxc1 Rc8 34. Rxc8+ Bxc8 35. f4 Bg4 36. fxe5 dxe5 37. Bf1 Kf7 38. Qh7+ Qg7 39. Qxg7+ Kxg7 40. Nc1 Bd1 41. Kf2 Kf6 42. Ke3 Bg4 43. d4 Nb2 44. Nb3 Nd1+ 45. Kd3 Nf2+ 46. Ke3 Nd1+ 47. Kd3 Nf2+ 48. Ke3 1/2-1/2

[Event "European Amateur Chess-ch 2022"]
[Site "Zagreb"]
[Date "2022.08.19"]
[Round "7.21"]
[White "Korov, Zvonko"]
[Black "Dzaja, Martin Zorislav"]
[Result "0-1"]
[ECO "A06"]
[WhiteElo "2015"]
[BlackElo "1974"]
[Annotator "NA RC"]
[PlyCount "62"]
[EventDate "2022.08.14"]
[EventCountry "CRO"]
[SourceTitle "playchess.com"]
[Source "ChessBase"]
[SourceQuality "1"]
[TimeControl "40/5400+30:1800+30"]

1. Nf3 d5 2. b3 c5 3. e3 Nf6 4. Bb2 a6 5. c4 dxc4 6. bxc4 Nc6 7. Be2 Bf5 8. O-O Nb4 9. Na3 e6 10. d4 Be7 11. Qb3 O-O 12. Rac1 Rc8 13. Rfd1 Qc7 14. Nb1 Rfd8 15. Nc3 Ne4 16. h3 cxd4 17. Nxd4 Bg6 18. Na4 Bh4 19. f4 Nc6 20. Nxc6 Qxc6 21. Bd4 Nf2 22. Rf1 Ne4 23. Rcd1 Ng3 24. Bf3 Qxc4 25. Bb6 Rxd1 26. Rxd1 Be4 27. Qxc4 Rxc4 28. Bd8 Bxf3 29. gxf3 f6 30. Nb2 Rc2 31. Rb1 Ne2+ 0-1

[Event "European Amateur Chess-ch 2022"]
[Site "Zagreb"]
[Date "2022.08.19"]
[Round "7.22"]
[White "Starcevic, Danijel"]
[Black "Raljic, Mirko"]
[Result "0-1"]
[ECO "B40"]
[WhiteElo "1935"]
[BlackElo "2023"]
[Annotator "NA RC"]
[PlyCount "160"]
[EventDate "2022.08.14"]
[EventCountry "CRO"]
[SourceTitle "playchess.com"]
[Source "ChessBase"]
[SourceQuality "1"]
[TimeControl "40/5400+30:1800+30"]

1. e4 c5 2. Nf3 e6 3. d4 cxd4 4. Nxd4 Nf6 5. Nc3 Bb4 6. Bd3 Nc6 7. Nxc6 dxc6 8. O-O e5 9. a3 Bc5 10. Na4 Bd6 11. Bg5 h6 12. Bd2 b5 13. Nc3 Bc5 14. b4 Bd4 15. a4 Bg4 16. Qb1 a6 17. Ra3 O-O 18. Qc1 Qd6 19. Kh1 Bh5 20. f3 Bg6 21. Ne2 Bb6 22. c4 bxc4 23. Bxc4 Rfc8 24. Ng3 a5 25. Rd3 Qe7 26. Qb2 Bd4 27. Qa3 axb4 28. Bxb4 Qa7 29. a5 Nd7 30. Ne2 Bc5 31. Rxd7 Bxb4 32. Rxa7 Bxa3 33. Rxa8 Rxa8 34. a6 Kf8 35. Ra1 Bc5 36. Ra5 Bd6 37. Nc3 Bb4 38. Rxe5 Bxc3 39. Rc5 Bd4 40. Rxc6 f6 41. Rc7 Ra7 42. Rc8+ Ke7 43. Rg8 f5 44. exf5 Bxf5 45. Bb5 Bd7 46. Bd3 Kd6 47. Rb8 Bc6 48. Rb4 Bc5 49. Rg4 Re7 50. h3 Kc7 51. Kh2 Bd6+ 52. Kg1 Kb6 53. Rg6 Kc5 54. h4 Be5 55. Kf2 Bf6 56. Rg4 Bb5 57. Re4 Ra7 58. Bxb5 Kxb5 59. h5 Rxa6 60. Kg3 Kc5 61. Kg4 Rd6 62. Kh3 Rd5 63. g4 Rd3 64. Kg2 Kd5 65. Re2 Be5 66. Kf2 Bd4+ 67. Kg3 Bc5 68. Kg2 Bb4 69. Kg3 Rd2 70. Re8 Bd6+ 71. f4 Rd3+ 72. Kf2 Bxf4 73. Rd8+ Ke4 74. Re8+ Be5 75. Ra8 Rd2+ 76. Ke1 Rg2 77. Ra4+ Bd4 78. Ra8 Rxg4 79. Re8+ Kd3 80. Kf1 Rg1# 0-1

[Event "European Amateur Chess-ch 2022"]
[Site "Zagreb"]
[Date "2022.08.20"]
[Round "8.1"]
[White "Begic, Domagoj"]
[Black "Vujec, Ivan"]
[Result "0-1"]
[ECO "B11"]
[WhiteElo "2026"]
[BlackElo "2192"]
[Annotator "TA"]
[PlyCount "134"]
[EventDate "2022.08.14"]
[EventCountry "CRO"]
[SourceTitle "playchess.com"]
[Source "ChessBase"]
[SourceQuality "1"]
[TimeControl "40/5400+30:1800+30"]

1. e4 c6 2. Nc3 d5 3. Nf3 Bg4 4. h3 Bxf3 5. Qxf3 e6 6. d3 Nd7 7. Bd2 a6 {7...g6 is setting a new trend. B11: Caro-Kann: Two Knights Variation.} 8. O-O-O Ne7 {[#]} 9. Qg3 $146 ({Predecessor:} 9. g4 Ng6 10. Qg3 Bb4 11. a3 Be7 12. f4 d4 13. Ne2 e5 14. f5 Ngf8 15. h4 {1-0 (46) Lyell,M (2245)-Jacobsen,M (2328) Budapest 2020}) 9... Ng6 (9... d4 $11) 10. f4 Qc7 11. Qf2 d4 12. Ne2 c5 13. c3 e5 14. g3 Bd6 15. fxe5 ({White should try} 15. Kb1 $14) 15... dxc3 $11 16. Nxc3 Bxe5 17. Nd5 Qd6 18. Rg1 Ne7 19. Ne3 Bd4 20. Nc4 {[#]} (20. Kb1 $17) 20... Qe6 $1 $19 21. Be3 b5 22. Bxd4 cxd4 23. Na3 (23. Qxd4 bxc4 24. dxc4) 23... Qxa2 24. Qxd4 f6 {White must now prevent ...Rc8+.} 25. Kd2 Ne5 {...Nf3+ is the strong threat.} 26. Ke3 {Prevents Nf3.} (26. Be2 {was worth a try.} Rd8 27. Qc3) 26... O-O 27. Be2 Qe6 28. Kf2 Qxh3 29. Qd6 Rae8 30. Rh1 {[#]} Qd7 ({Black should play} 30... Qc8 $1 $19 {aiming for ...Nf7.} 31. Rh5 Nf7) 31. Qxd7 $15 Nxd7 {Pair of Knights!} 32. d4 Rc8 33. Rc1 g6 34. Bf3 (34. Rxc8 $15 Rxc8 35. Ra1) 34... Rxc1 35. Rxc1 Rc8 $1 {Inhibits Rc7.} 36. Rxc8+ Nxc8 {[%mdl 4096] Endgame KBN-KNN} 37. Ke3 Nd6 38. b3 Kf7 39. Be2 Ke6 40. Nc2 Nb6 41. Bf3 Nb7 42. Kd3 a5 ({Better is} 42... h5 $17) 43. Kc3 {Black converts the advantage convincingly.} (43. e5 $15 Nd8 44. exf6) 43... Nd6 $17 44. Ne3 f5 45. Kd3 (45. exf5+ $17 {was the crucial defense.} Nxf5 46. Nxf5 Kxf5 47. Kd2) 45... fxe4+ $19 46. Bxe4 Nxe4 47. Kxe4 {KN-KN} h5 48. Ng2 Nd5 {Strongly threatening ...a4.} 49. Nh4 g5 50. Nf3 Nf6+ 51. Kd3 Kf5 52. Ne5 Nd5 53. Nc6 a4 54. bxa4 bxa4 55. Ne5 a3 {( -> ...a2)} 56. Kc2 Ne3+ (56... h4 $142 57. gxh4 gxh4 58. Nc4 h3 59. Nd2 Kf4 60. Nf1 Ne3+ 61. Kb3 Nxf1 62. Kxa3 h2 63. Kb4 h1=Q 64. Kc5 Ne3 65. Kb6 Nd5+ 66. Kc5 Ke4 67. Kd6 Qh2+ 68. Ke6 Qh7 69. Kd6 Qc7+ 70. Ke6 Qe7#) 57. Kb3 Nf1 58. g4+ hxg4 {[%cal Bh5g4,Bg4g3,Bg3g2][%mdl 32] Black mates.} 59. Kxa3 g3 60. Nf3 g2 61. d5 {[#]} Nd2 $1 62. d6 (62. Ng1 Ke4) 62... Nc4+ 63. Kb4 Nxd6 64. Kc5 Kf4 65. Ng1 Nf5 66. Kd5 g4 67. Kc4 Ke5 {Weighted Error Value: White=0.85/Black=0.38} 0-1

[Event "European Amateur Chess-ch 2022"]
[Site "Zagreb"]
[Date "2022.08.20"]
[Round "8.2"]
[White "Fajdetic, Hrvoje"]
[Black "Novosel, Lovro"]
[Result "0-1"]
[ECO "A02"]
[WhiteElo "2151"]
[BlackElo "2212"]
[Annotator "TA"]
[PlyCount "98"]
[EventDate "2022.08.14"]
[EventCountry "CRO"]
[SourceTitle "playchess.com"]
[Source "ChessBase"]
[SourceQuality "1"]
[TimeControl "40/5400+30:1800+30"]

1. f4 Nf6 2. b3 e6 3. Nf3 Be7 4. Bb2 b6 5. e3 Bb7 6. d4 {A02: Bird's Opening.} O-O 7. Bd3 {[#]} c5 $146 ({Predecessor:} 7... Bb4+ 8. c3 Be7 9. O-O Bxf3 10. Qxf3 d5 11. Nd2 Nbd7 12. e4 dxe4 13. Nxe4 Nxe4 14. Bxe4 {1-0 (54) Capaliku,A (2037)-Petrovcic,C (1618) Nova Gorica 2015}) 8. O-O {The position is equal.} cxd4 9. exd4 Qc7 10. Ne5 d6 11. Ng4 Nbd7 12. Nd2 Rac8 13. Qe2 Nxg4 14. Qxg4 Bf6 15. Ne4 (15. Nc4 $11) 15... Bxe4 $15 16. Bxe4 d5 17. Bd3 Nc5 $1 18. Be2 Ne4 19. Bd3 g6 20. Bxe4 dxe4 21. c3 Bg7 22. Qe2 Qb7 23. Rad1 b5 24. g4 {[#]} f5 $1 25. g5 {Black converts the advantage convincingly.} ({White should try} 25. h4 $15) 25... Rfd8 $17 26. Rd2 Rd7 27. h4 Rcd8 28. Rfd1 h5 29. gxh6 (29. Ba3 $17) 29... Bxh6 $19 30. Qe3 Qc7 31. Rf1 (31. Rg2 $142 Bxf4 32. Qe2) 31... e5 $1 32. Rdf2 (32. Rg2 $142 exf4 33. Qh3) 32... exf4 33. Rxf4 Rg7 34. Kh1 Bxf4 35. Rxf4 Qf7 36. c4 bxc4 37. d5 Rh7 38. bxc4 g5 $2 (38... Rc8 $19 39. Kg1 Rxc4) 39. Rf2 $2 (39. Rg4 $11 fxg4 40. Qxg5+ Rg7 41. Qxd8+ Kh7 42. Bxg7 Qf1+ 43. Kh2 Qf2+ 44. Kh1 Qf1+ 45. Kh2 Qf2+ 46. Kh1 Qf1+) 39... Rxh4+ 40. Kg1 Qh5 41. Rg2 Rh1+ 42. Kf2 Qh4+ 43. Qg3 Qxg3+ ({Weaker is} 43... Rb8 44. Qxh4 Rxh4 45. Rxg5+ Kh7 46. Kg3 $19) (43... e3+ $142 44. Kxe3 f4+ 45. Kd3 fxg3 46. Rd2 g2 47. Kc3 g1=Q 48. Rd3 Qhe1+ 49. Rd2 Rh3+ 50. Kb4 Qb6+ 51. Ka4 Qe8#) 44. Kxg3 {[%mdl 4096] Endgame KRR-KRB. Black is clearly winning.} Kf7 {[#] aiming for ...f4+.} 45. Kf2 f4 46. Be5 Rh5 {White must now prevent ...Rc8.} 47. Kg1 Rc8 48. Rc2 f3 {Hoping for ...e3.} 49. Rc3 g4 {Weighted Error Value: White=0.65/Black=0.47} 0-1

[Event "European Amateur Chess-ch 2022"]
[Site "Zagreb"]
[Date "2022.08.20"]
[Round "8.3"]
[White "Peric, Bernard"]
[Black "Krikunov, Dmitry"]
[Result "1/2-1/2"]
[ECO "B13"]
[WhiteElo "2112"]
[BlackElo "2202"]
[Annotator "TA"]
[PlyCount "45"]
[EventDate "2022.08.14"]
[EventCountry "CRO"]
[SourceTitle "playchess.com"]
[Source "ChessBase"]
[SourceQuality "1"]
[TimeControl "40/5400+30:1800+30"]

1. e4 c6 2. d4 d5 3. exd5 cxd5 4. Bd3 Nc6 5. c3 Nf6 6. Bf4 Bg4 7. Qb3 Qd7 8. Nd2 e6 9. Ngf3 Bxf3 10. Nxf3 Bd6 11. Bxd6 Qxd6 12. O-O O-O 13. Rfe1 Qc7 $1 {[%mdl 4] outshines the older 13...Rab8. B13: Caro-Kann: Exchange Variation and Panov-Botvinnik Attack.} 14. Qc2 Rab8 15. Ne5 {[#]} b5 $146 {The position is equal.} (15... Rfc8 $5 ) ({Predecessor:} 15... g6 16. Qe2 Nxe5 17. dxe5 Nd7 18. h4 Rfd8 19. h5 Nc5 20. Bb1 d4 21. cxd4 Rxd4 {0-1 (34) Zhurova,A (1947)-Nechaeva,M (2409) Sochi 2018}) 16. a3 ({White should try} 16. a4 $1 $14) 16... a5 (16... Rfc8 $5 ) 17. Re3 g6 18. Rae1 Nxe5 19. dxe5 Nd7 20. h4 Rfc8 21. h5 Kg7 (21... d4 $11 22. Rh3 Nxe5) 22. Qd2 $16 {White is more active.} Nc5 23. Bc2 {Weighted Error Value: White=0.14 (very precise) /Black=0.25 (precise)} 1/2-1/2

[Event "European Amateur Chess-ch 2022"]
[Site "Zagreb"]
[Date "2022.08.20"]
[Round "8.4"]
[White "Karlusic, Luka"]
[Black "Starcevic, Ante Leon"]
[Result "1-0"]
[ECO "D87"]
[WhiteElo "2089"]
[BlackElo "2152"]
[Annotator "NA RC"]
[PlyCount "59"]
[EventDate "2022.08.14"]
[EventCountry "CRO"]
[SourceTitle "playchess.com"]
[Source "ChessBase"]
[SourceQuality "1"]
[TimeControl "40/5400+30:1800+30"]

1. d4 Nf6 2. c4 g6 3. Nc3 d5 4. cxd5 Nxd5 5. e4 Nxc3 6. bxc3 Bg7 7. Bc4 c5 8. Ne2 Nc6 9. Be3 O-O 10. Rc1 cxd4 11. cxd4 Qa5+ 12. Rc3 Bg4 13. f3 e5 14. d5 Nd4 15. Bd2 Bd7 16. Nxd4 exd4 17. Rc1 Qc5 18. Bd3 Qe7 19. O-O Rfc8 20. Qb3 b6 21. f4 Qe8 22. e5 g5 23. Bb1 Bb5 24. Qh3 Bxf1 25. Qxh7+ Kf8 26. Bb4+ Rc5 27. Rxc5 Qe7 28. Rc8+ Rxc8 29. Bxe7+ Kxe7 30. Kxf1 1-0

[Event "European Amateur Chess-ch 2022"]
[Site "Zagreb"]
[Date "2022.08.20"]
[Round "8.5"]
[White "Babic, Zvonko"]
[Black "Grgantov, Marin"]
[Result "1-0"]
[ECO "D35"]
[WhiteElo "2180"]
[BlackElo "2048"]
[Annotator "TA"]
[PlyCount "107"]
[EventDate "2022.08.14"]
[EventCountry "CRO"]
[SourceTitle "playchess.com"]
[Source "ChessBase"]
[SourceQuality "1"]
[TimeControl "40/5400+30:1800+30"]

1. d4 Nf6 2. c4 e6 3. Nc3 Bb4 4. Bg5 d5 5. cxd5 exd5 6. e3 h6 7. Bh4 c6 {D35: Queen's Gambit Declined: Exchange Variation.} 8. Bd3 O-O 9. Nge2 Bd6 {White has an edge.} 10. h3 Be6 11. Qc2 {[#]} a5 $146 ({Predecessor:} 11... Nbd7 12. O-O Nb6 13. f3 Be7 14. Rad1 Nh5 15. Bxe7 Qxe7 16. g4 Nf6 17. Nf4 Rad8 18. Rde1 {1-0 (40) Palladino,M (2179)-Bartnik,A (2107) ICCF email 2020}) 12. O-O Na6 13. a3 {Prevents Nb4.} Nc7 14. Rae1 Nce8 15. f4 (15. f3 $14) 15... Be7 $11 16. f5 Bd7 17. Bg3 Nd6 18. Na4 Nfe4 19. Bxe4 Nxe4 20. Nc5 Bxc5 21. dxc5 a4 (21... Qg5 $17 22. Bf4 Qxf5) 22. Be5 ({White should try} 22. f6 $15) 22... Qg5 23. Nd4 Rfe8 24. Bf4 (24. Bc7 $142) 24... Qe7 $17 25. Qe2 (25. Bd6 $17 Nxd6 26. f6 gxf6 27. cxd6 Qxd6 28. Rf3) 25... Qxc5 $19 26. f6 Nxf6 27. Bxh6 Re5 $2 (27... Ne4 $1 $19 28. Qh5 Re7) 28. Qf2 (28. Rxf6 $1 $15 gxf6 29. Qf2) 28... Qe7 $1 {Strongly threatening ...Ne4.} 29. Bf4 Rh5 30. Qf3 Qe4 31. Qe2 $2 (31. Ne2 $17) 31... Re8 {...Qg6 is the strong threat.} 32. Bh2 {[#]} (32. Qf3 {is a better defense.}) 32... Rg5 (32... Bxh3 $142 $1 33. Qc2 Qxc2 34. Nxc2 Rg5) 33. Rf4 Qe7 {Threatens to win with ...Bxh3.} 34. Nf3 Rg6 35. Nh4 Rh6 36. Rxa4 (36. Ref1 {might work better.}) 36... Ne4 37. Nf3 c5 38. Ra7 Bf5 $2 (38... Qf6 $1 $19 {and Black stays clearly on top.} 39. Rxb7 Bxh3 $1 40. gxh3 Qg6+ 41. Kh1 (41. Qg2 $2 Qa6 $19) 41... Rxh3) 39. Qb5 $17 Bc8 40. Ra8 Kf8 41. b4 Re6 (41... Rg6 $17 {[%cal Og6g2] aiming for ...Rxg2+!} 42. g4 Rh6) 42. bxc5 $11 Nxc5 43. Bf4 f6 {[#]} (43... Bd7 $11 44. Qa5 (44. Rxe8+ Bxe8 45. Qb1 Kg8 $11) 44... Nd3) 44. Nd4 {White is much more active.} (44. Rc1 $1 $16 b6 45. Nd4) 44... Re4 $2 ({Black should play} 44... Ra6 $14 45. Rxa6 bxa6) 45. Rc1 $18 b6 (45... Bd7 {keeps fighting.} 46. Rxe8+ Kxe8 47. Qxc5 Qxc5 48. Rxc5 g5) 46. Qxb6 {Hoping for Bd6. White is clearly winning.} Nd7 47. Qc7 {Black must now prevent Bd6.} Rxf4 48. Qxf4 Nb6 49. Rc7 Nxa8 50. Rxe7 Kxe7 51. Qb8 Bd7 52. Qb4+ Kf7 53. Qd6 Be6 54. Qc6 {White used his chance.  Weighted Error Value: White=0.31/Black=0.55} 1-0

[Event "European Amateur Chess-ch 2022"]
[Site "Zagreb"]
[Date "2022.08.20"]
[Round "8.6"]
[White "Bouget, Alexandre"]
[Black "Denic, Marin"]
[Result "1-0"]
[ECO "E46"]
[WhiteElo "2282"]
[BlackElo "2190"]
[Annotator "TA"]
[PlyCount "71"]
[EventDate "2022.08.14"]
[EventCountry "CRO"]
[SourceTitle "playchess.com"]
[Source "ChessBase"]
[SourceQuality "1"]
[TimeControl "40/5400+30:1800+30"]

1. d4 Nf6 2. c4 e6 3. Nc3 Bb4 4. e3 O-O 5. Nge2 d5 6. a3 Be7 7. cxd5 exd5 8. b4 c6 9. Ng3 Re8 10. Bd3 Nbd7 11. O-O Nb6 {E46: Nimzo-Indian: Rubinstein: 4 e3 0-0 5 Ne2 without early Bd3.} 12. f3 a5 13. Rb1 axb4 {The position is equal.} 14. axb4 Be6 15. Nce2 Ra4 16. Bd2 {[#]} Qa8 $146 ({Predecessor:} 16... Qd7 17. Nf4 Rea8 18. Bc3 Nc4 19. Re1 Ra3 20. Qc1 Bd6 21. Nxe6 Qxe6 22. Nf5 Bf8 {0-1 (51) Shimanov,A (2476)-Zontakh,A (2579) St Petersburg 2008}) 17. e4 dxe4 18. fxe4 Bc4 ({Black should play} 18... Nc4 $11) 19. Bc2 Ra2 20. Rf2 Qa6 {[#]} ({Don't do} 20... Ng4 21. Rf4 Be6 22. Nc3 $14 (22. Bb3 Bxb3 23. Qxb3 Nf6 $15)) (20... Be6 $11) 21. b5 ({Better is} 21. Nc1 $1 $16 Ra1 22. e5) 21... cxb5 $11 22. e5 Nfd5 (22... Ng4 $5 23. Rf4 Nh6 $15) 23. Nc1 {[%cal Oc2h7] White wants to mate with Bxh7+!} Rxc2 24. Qxc2 b4 {[#]} (24... g6 $11) 25. Qf5 $1 $40 {[%mdl 128] White goes for the king.} Nc3 26. Bxc3 bxc3 27. Ne4 Be6 (27... Na4 $14) 28. Qf3 Nd5 29. Nxc3 (29. Na2 $16) 29... Qc4 30. N1e2 Bg5 31. Nxd5 ({Resist} 31. Rxb7 Be3 $16) 31... Bxd5 {This bishop pair is nice.} 32. Qg3 Qc2 33. Nc3 ({Worse is} 33. Qxg5 Qxb1+ 34. Qc1 Qxc1+ 35. Nxc1 Rc8 $15) 33... Qg6 (33... Bd2) 34. h4 $18 {White is clearly winning.} Be4 35. Re1 Bd2 36. Qxg6 {Weighted Error Value: White=0.15 (very precise) /Black=0.31} 1-0

[Event "European Amateur Chess-ch 2022"]
[Site "Zagreb"]
[Date "2022.08.20"]
[Round "8.7"]
[White "Brigljevic, Milan"]
[Black "Ruzic, Pia Marie"]
[Result "0-1"]
[ECO "C00"]
[WhiteElo "2161"]
[BlackElo "1996"]
[Annotator "NA RC"]
[PlyCount "80"]
[EventDate "2022.08.14"]
[EventCountry "CRO"]
[SourceTitle "playchess.com"]
[Source "ChessBase"]
[SourceQuality "1"]
[TimeControl "40/5400+30:1800+30"]

1. e4 e6 2. d3 d5 3. Nd2 b6 4. g3 Bb7 5. Bg2 c5 6. Ngf3 Nc6 7. O-O dxe4 8. dxe4 e5 9. Re1 Nf6 10. c3 Be7 11. Nh4 O-O 12. Nf5 Qc7 13. Nc4 Rfd8 14. Qf3 b5 15. Nce3 Na5 16. Nxe7+ Qxe7 17. Nf5 Qe6 18. Bg5 Nc4 19. Bh3 Qb6 20. Nh6+ Kf8 21. Ng4 Nxg4 22. Bxd8 Nxh2 23. Kxh2 Rxd8 24. b3 Nd2 25. Qe3 Bxe4 26. Bg2 Rd3 27. Qe2 Qh6+ 28. Kg1 Nf3+ 29. Kf1 Nd2+ 30. Kg1 Bxg2 31. Kxg2 Qc6+ 32. Kh3 Rd6 33. g4 e4 34. Rad1 Rh6+ 35. Kg2 e3+ 36. f3 Nxf3 37. Rd8+ Ke7 38. Qxe3+ Ne5+ 39. Kg3 Kxd8 40. Qxe5 Qd6 0-1